 Dungeon Crawl Stone Soup version 0.30-a0-390-g80c34de65d (webtiles) character file.

Game seed: 5216290185531886557

3294 bande the Chopper (level 10, -15/60 HPs)
             Began as a Gargoyle Fighter on Dec 5, 2022.
             Was a Priest of Okawaru.
             Demolished by a two-headed ogre
             ... wielding a +0 giant club
              (17 damage)
             ... on level 9 of the Dungeon.
             The game lasted 00:14:46 (9247 turns).

bande the Chopper (Gargoyle Fighter)                Turns: 9247, Time: 00:14:46

Health: -15/60     AC: 22    Str: 20    XL:     10   Next: 1%
Magic:  13/13      EV:  7    Int:  9    God:    Okawaru [***...]
Gold:   421        SH:  5    Dex: 13    Spells: 9/9 levels left

rFire   . . .      SeeInvis +    a - +1 war axe (freeze)
rCold   . . .      Faith    .    c - +0 buckler
rNeg    + . .      Spirit   .    p - +3 chain mail
rPois   ∞          Reflect  .    u - +1 helmet
rElec   +          Harm     .    (no cloak)
rCorr   .          Rampage  .    (no gloves)
Will    .....                    (no boots)
Stlth   ..........               r - amulet of the acrobat
HPRegen 0.30/turn                y - ring of see invisible
MPRegen 0.13/turn                (no ring)

@: studying Stealth
A: sickness immunity, AC +7, negative energy resistance 1, electricity
resistance, torment resistance 1, petrification resistance
a: Renounce Religion, Heroism


You were on level 9 of the Dungeon.
You worshipped Okawaru.
Okawaru was most pleased with you.
You visited 2 branches of the dungeon, and saw 10 of its levels.
You also visited: Sewer.

You collected 421 gold pieces.

Inventory:

Hand Weapons
 a - a +1 war axe of freezing (weapon)
 m - a +4 flail of freezing
 w - a +0 war axe
Missiles
 A - 2 throwing nets (quivered)
Armour
 c - a +0 buckler (worn)
 p - a +3 chain mail (worn)
 u - a +1 helmet (worn)
Jewellery
 r - an amulet of the acrobat (around neck)
 s - a ring of ice
 y - a ring of see invisible (left hand)
 C - a +6 ring of intelligence
Wands
 k - a wand of mindburst (3)
 z - a wand of roots (18)
 E - a wand of polymorph (6)
Scrolls
 b - 5 scrolls of teleportation
 e - 4 scrolls of fear
 g - 2 scrolls of enchant weapon
 i - 2 scrolls of blinking
 j - a scroll of enchant armour
 l - a scroll of poison
 v - a scroll of brand weapon
 B - a scroll of silence {unknown}
 D - a scroll of immolation {unknown}
 F - a scroll of identify
 G - a scroll of magic mapping {unknown}
Potions
 d - a potion of might
 f - 2 potions of curing
 h - 3 potions of haste
 n - 2 potions of brilliance
 o - 5 potions of heal wounds
 q - 2 potions of mutation {unknown}
 t - a potion of invisibility
 x - 2 potions of degeneration {unknown}


   Skills:
 + Level 6.1 Fighting
 + Level 7.7 Axes
 + Level 6.7 Armour
 - Level 0.1 Dodging
 + Level 6.1 Shields
 * Level 4.4 Invocations
 * Level 4.8 Evocations


You had 9 spell levels left.
You didn't know any spells.
Your spell library contained the following spells:

 Spells                   Type           Power      Damage    Failure   Level
 Gell's Gravitas          Tloc           0%         N/A       100%        3
 Lesser Beckoning         Tloc           0%         N/A       100%        3
 Teleport Other           Tloc           0%         N/A       100%        3


Dungeon Overview and Level Annotations

Branches:
Dungeon (9/15)             Temple (1/1) D:5           Sewer (visited)
   Lair: D:8-11         Orc: D:9-12

Altars:
Dithmenos
Gozag
Kikubaaqudgha
Makhleb
Okawaru
Qazlal
Sif Muna
Trog
Wu Jian
Xom
Zin
The Shining One

Shops:
D:1 *   D:5 !

Annotations:
D:6 3 runed translucent doors, Darkkill's ghost, novice MiHu


Innate Abilities, Weirdness & Mutations

You are immune to sickness and miasma.
Your stone body is resilient. (AC +7)
You are immune to poison.
You resist negative energy. (rN+)
You are resistant to electric shocks. (rElec)
You are resistant to unholy torment.
You are immune to petrification.


Message History

You climb downwards.
The two-headed ogre shouts in stereo!
There is a stone staircase leading up here.
You hit the two-headed ogre. You freeze the two-headed ogre.
The two-headed ogre is lightly wounded.
The two-headed ogre hits you with a +0 giant club.
The two-headed ogre hits you but does no damage.
You hit the two-headed ogre. You freeze the two-headed ogre.
The two-headed ogre is lightly wounded.
You completely miss the two-headed ogre.
The two-headed ogre is lightly wounded.
The two-headed ogre closely misses you.
The two-headed ogre hits you but does no damage.
You slash the two-headed ogre! You freeze the two-headed ogre.
The two-headed ogre is moderately wounded.
The two-headed ogre hits you with a +0 giant club.
The two-headed ogre hits you but does no damage.
You hit the two-headed ogre. You freeze the two-headed ogre.
The two-headed ogre is heavily wounded.
The two-headed ogre hits you with a +0 giant club! x2
You barely miss the two-headed ogre.
The two-headed ogre is heavily wounded.
The two-headed ogre closely misses you.
The two-headed ogre hits you but does no damage.
You closely miss the two-headed ogre.
The two-headed ogre is heavily wounded.
You barely miss the two-headed ogre.
The two-headed ogre is heavily wounded.
The two-headed ogre completely misses you.
You block the two-headed ogre's attack.
You hit the two-headed ogre. You freeze the two-headed ogre.
The two-headed ogre is heavily wounded.
The two-headed ogre hits you but does no damage.
The two-headed ogre hits you with a +0 giant club.
You barely miss the two-headed ogre.
The two-headed ogre is heavily wounded.
The two-headed ogre hits you with a +0 giant club!!
* * * LOW HITPOINT WARNING * * *
The two-headed ogre hits you with a +0 giant club!
You die...

#......#
#......#
#......#
#......#
#......#
#......#
#.O....###
#.@.......
...............
...............
...###.........
.. #..###.... .
#..# .... #..#
... #..# ..


You could see a two-headed ogre.

Vanquished Creatures
  The ghost of p00ps00p the Trooper, an amateur HOFi (D:4)
  Grum (D:8)
  Menkaure (D:7)
  2 ice beasts
  Pargi (Sewer)
  A sky beast (D:7)
  A black bear (D:7)
  3 orc warriors
  An ogre (D:7)
  4 wolves (D:8)
  3 phantoms (D:5)
  3 bullfrogs (D:7)
  A necrophage (D:7)
  A scorpion (D:7)
  5 wights (D:7)
  7 killer bees (D:8)
  2 howler monkeys
  3 hounds
  An orc priest (D:5)
  A gnoll bouda (D:7)
  2 iguanas (D:7)
  5 orc wizards
  8 gnolls
  14 adders
  A river rat (D:4)
  A shadow imp (D:7)
  3 white imps
  An ufetubus (D:4)
  4 worms (D:4)
  12 orcs
  3 endoplasms
  7 goblins
  4 hobgoblins
  4 jackals (D:2)
  3 kobolds
  A quokka (D:4)
  8 ball pythons
  4 bats
  10 frilled lizards
  7 rats
145 creatures vanquished.

Vanquished Creatures (others)
  An orc wizard (D:6)
  7 plants (D:1)
8 creatures vanquished.

Grand Total: 153 creatures vanquished

Notes
Turn   | Place    | Note
-------+----------+-------------------------------------------
     0 | D:1      | bande the Gargoyle Fighter began the quest for the Orb.
     0 | D:1      | Reached XP level 1. HP: 14/14 MP: 1/1
   210 | D:1      | Reached XP level 2. HP: 19/19 MP: 2/2
   222 | D:1      | Found Osisiube's Assorted Antiques.
   479 | D:1      | Reached skill level 2 in Axes
  1009 | D:2      | Found a stormy altar of Qazlal.
  1109 | D:2      | Reached XP level 3. HP: 22/23 MP: 3/3
  1728 | D:3      | Reached XP level 4. HP: 25/29 MP: 4/4
  1906 | D:3      | Identified the +1 robe of the Earth {Harm rC- Stlth+}
  2251 | D:4      | Found a runed translucent door.
  2251 | D:4      | Noticed p00ps00p's ghost (amateur HOFi)
  2302 | D:4      | Reached skill level 3 in Axes
  2425 | D:4      | Reached XP level 5. HP: 32/33 MP: 5/5
  2482 | D:4      | Found a glowing drain.
  2499 | Sewer    | Entered a sewer
  2505 | Sewer    | Reached skill level 1 in Evocations
  2522 | Sewer    | Noticed Pargi
  2547 | Sewer    | Killed Pargi
  2548 | Sewer    | Reached XP level 6. HP: 16/38 MP: 6/6
  2797 | Sewer    | Reached skill level 4 in Axes
  3526 | D:4      | Killed p00ps00p's ghost
  3561 | D:5      | Entered Level 5 of the Dungeon
  3597 | D:5      | Noticed an ice beast
  3606 | D:5      | Reached XP level 7. HP: 15/43 MP: 7/7
  4104 | D:5      | Reached skill level 5 in Axes
  4227 | D:5      | Found a staircase to the Ecumenical Temple.
  4243 | Temple   | Entered the Ecumenical Temple
  4255 | Temple   | Reached XP level 8. HP: 48/48 MP: 8/8
  4271 | Temple   | Became a worshipper of Warmaster Okawaru
  4522 | D:5      | Reached skill level 5 in Shields
  4768 | D:5      | Found Weeluez's Distillery.
  4920 | D:6      | Found a shimmering blue altar of Sif Muna.
  5000 | D:6      | Reached skill level 1 in Invocations
  5081 | D:6      | Reached skill level 5 in Armour
  5153 | D:6      | Found a runed translucent gate.
  5153 | D:6      | Found a runed translucent gate.
  5153 | D:6      | Found a runed translucent gate.
  5183 | D:6      | Noticed Darkkill's ghost (novice MiHu)
  5223 | D:6      | Reached * piety under Okawaru
  5675 | D:6      | Reached skill level 6 in Axes
  5823 | D:7      | Noticed Menkaure
  5844 | D:7      | Killed Menkaure
  5845 | D:7      | Reached skill level 5 in Fighting
  6635 | D:7      | Reached XP level 9. HP: 39/54 MP: 9/11
  6653 | D:7      | Reached ** piety under Okawaru
  7239 | D:7      | Reached skill level 7 in Axes
  8199 | D:8      | Noticed Grum
  8225 | D:8      | Killed Grum
  8234 | D:8      | HP: 4/82 [wolf[Grum] (7)]
  8235 | D:8      | HP: 1/82 [wolf[Grum] (4)]
  8240 | D:8      | HP: 1/55 [wolf[Grum] (1)]
  8741 | D:8      | Reached *** piety under Okawaru
  8754 | D:8      | Reached XP level 10. HP: 40/60 MP: 13/13
  9237 | D:9      | Noticed a two-headed ogre
  9247 | D:9      | HP: 2/60 [two-headed ogre/+0 giant club (21)]
  9247 | D:9      | Demolished by a two-headed ogre

Illustrated notes

Levels and vault maps discovered:
D:1:      dpeg_arrival_rooms_with_view, layout_loops_ring, serial_shops,
          nicolae_square_shop, serial_bayou, serial_bayou_shore_a,
          serial_bayou_pond_c, serial_bayou_pond_a, serial_bayou_pond_d,
          serial_bayou_lagoon_b, minmay_statues_item
D:2:      layout_loops_corners, basic_altar, kennysheep_generic_room_3
D:3:      layout_rooms, minmay_misc_feat_encased
D:4:      layout_gridville, lightli_sewer_entry_pipes,
          hellmonk_ghost_happy_afterlife
D:5:      layout_gridville, minmay_temple_entry_antechambers, serial_shops, shop
D:6:      layout_loops_ring, amcnicky_altar_gilded, gammafunk_ghost_icy
D:7:      layout_basic, minmay_manual_moon, uniq_menkaure
D:8:      layout_loops_cross, uniq_grum
D:9:      layout_long_grid, gammafunk_ghost_hydra_chop, serial_shops,
          shop_statue, uniq_erica
Temple:   nicolae_temple_bog_church

Skill      XL: |  1  2  3  4  5  6  7  8  9 |
---------------+----------------------------+-----
Axes           | 2 3 4 5 6 7 |  7.7
Evocations     | 1 2 3 4 |  4.8
Fighting       | 4 5 6 |  6.1
Armour         | 4 5 6 |  6.7
Shields        | 4 5 6 |  6.1
Invocations    | 2 4 |  4.4
Dodging        | |  0.1

Action                   |  1- 3 |  4- 6 |  7- 9 | 10-12 || total
-------------------------+-------+-------+-------+-------++-------
Melee: War axe           |   138 |   159 |   350 |    10 ||   657
  Use: Scroll            |       |    13 |     3 |       ||    16
Armor: Scale mail        |    45 |       |       |       ||    45
       Chain mail        |    38 |   154 |   274 |     5 ||   471
       Skin              |       |       |    16 |       ||    16
Dodge: Dodged            |    80 |    85 |   160 |     3 ||   328
Block: Buckler           |    44 |    54 |   139 |     1 ||   238

Table legend: (Time is in decaauts)
 A = Elapsed time spent in this place.
 B = Non-inter-level travel time spent in this place.
 C = Inter-level travel time spent in this place.
 D = Time resting spent in this place.
 E = Time spent auto-exploring this place.
 F = Levels seen in this place.
 G = Mean time per level.
                   A        B        C        D        E       F      G
               +--------+--------+--------+--------+--------+-----+--------+
         Total |   9575 |   9281 |    294 |   2069 |   5458 |  11 |  870.5 |
       Dungeon |   9112 |   8828 |    284 |   1913 |   5308 |   9 | 1012.4 |
        Temple |     45 |     35 |     10 |      0 |      4 |   1 |   45.0 |
         Sewer |    417 |    417 |      0 |    156 |    146 |   1 |  417.0 |
               +--------+--------+--------+--------+--------+-----+--------+

Top non-repeatable levels by time:
     D:7: 2316 daAuts
     D:4: 1484 daAuts
     D:8: 1170 daAuts
     D:5: 917 daAuts
     D:6: 884 daAuts
     D:1: 883 daAuts
     D:2: 879 daAuts
     D:3: 564 daAuts
   Sewer: 417 daAuts
  Temple: 45 daAuts
     D:9: 11 daAuts
